 Dungeon Crawl Stone Soup version 0.31-a0-1144-g99969ba1bc (webtiles) character file.

Game seed: 8154901631196321231

186671 gruber the Tortoise (level 17, -1/146 HPs)
             Began as a Minotaur Hunter on Dec 6, 2023.
             Was the Champion of Hepliaklqana.
             Shot with an arrow by Vashnia (28 damage)
             ... on level 4 of the Snake Pit.
             The game lasted 00:39:57 (32250 turns).

gruber the Tortoise (Minotaur Hunter)              Turns: 32250, Time: 00:39:58

Health: -1/146     AC: 36    Str: 25    XL:     17   Next: 43%
Magic:  0/34       EV: 12    Int:  8    God:    Hepliaklqana [******]
Gold:   2371       SH:  0    Dex: 17    Spells: 16/16 levels left

rFire   . . .        T - +5 war axe "Fekhuck" {flame, rPois Will+ Str+4}
rCold   + + .        (no shield)
rNeg    + . .        w - +7 crystal plate armour "Vatwawixt" {rC+ rN+}
rPois   +            (helmet restricted)
rElec   .            O - scarf {repulsion}
rCorr   .            s - +0 pair of gloves
SInv    .            d - +0 pair of boots
Will    +++..        P - amulet of guardian spirit Stlth
                     f - ring "Jiwefyd" {Will+ Slay+4}
HPRegen 0.44/turn    c - ring of Equilibrium {rPois rC+ MP+9 Int+2}
MPRegen 0.24/turn

%: repel missiles, guardian spirit
@: no status effects
A: reduced essence, horns 2, retaliatory headbutt
}: 1/15 runes: serpentine
a: Renounce Religion, Recall Ancestor, Ancestor Identity, Transference, Idealise


You were on level 4 of the Snake Pit.
You worshipped Hepliaklqana.
Hepliaklqana was exalted by your worship.
You visited 5 branches of the dungeon, and saw 27 of its levels.

You collected 2828 gold pieces.
You spent 457 gold pieces at shops.

Inventory:

Hand Weapons
 q - a +3 longbow of flaming
 x - a +7 broad axe
 T - the +5 war axe "Fekhuck" (weapon) {flame, rPois Will+ Str+4}
   (You found it on level 5 of the Lair of Beasts)

   Str+4:     It affects your strength (+4).
   rPois:     It protects you from poison Will+: It increases your willpower.
Missiles
 r - 6 throwing nets
Armour
 d - a +0 pair of boots (worn)
 s - a +0 pair of gloves (worn)
 w - the +7 crystal plate armour "Vatwawixt" (worn) {rC+ rN+}
   (You found it on level 6 of the Dungeon)

   rC+:       It protects you from cold.
   rN+:       It protects you from negative energy.
 O - a scarf of repulsion (worn)
Jewellery
 c - the ring of Equilibrium (right hand) {rPois rC+ MP+9 Int+2}
   (You bought it in a shop on level 11 of the Dungeon)

   [ring of protection from cold]

   Int+2:     It affects your intelligence (+2).
   rC+:       It protects you from cold.
   rPois:     It protects you from poison MP+9: It affects your magic capacity
   (+9).
 f - the ring "Jiwefyd" (left hand) {Will+ Slay+4}
   (You found it on level 1 of the Lair of Beasts)

   [ring of slaying]

   Slay+4:    It affects your accuracy & damage with ranged weapons and melee
   (+4).
   Will+:     It increases your willpower.
 K - a ring of protection from cold
 P - an amulet of guardian spirit (around neck)
Wands
 v - a wand of roots (20)
 A - a wand of mindburst (18)
 B - a wand of paralysis (28)
 D - a wand of digging (5)
 F - a wand of polymorph (17)
 H - a wand of flame (40)
 U - a wand of quicksilver (5)
Scrolls
 b - a scroll of butterflies
 e - 4 scrolls of blinking
 g - 6 scrolls of enchant armour {unknown}
 h - 8 scrolls of noise
 m - 4 scrolls of revelation
 o - 10 scrolls of teleportation
 t - a scroll of silence
 y - a scroll of acquirement {unknown}
 E - 5 scrolls of fear
 I - 2 scrolls of amnesia
 L - 2 scrolls of immolation
 M - 3 scrolls of fog
 R - a scroll of vulnerability
 W - 2 scrolls of poison
Potions
 a - 3 potions of ambrosia
 i - 3 potions of haste
 j - 6 potions of attraction
 k - 13 potions of curing
 l - 3 potions of heal wounds
 n - 2 potions of brilliance
 p - 2 potions of magic
 u - 4 potions of might
 z - 3 potions of cancellation
 C - 2 potions of invisibility
 G - 4 potions of resistance
 J - 2 potions of mutation
 N - 3 potions of enlightenment
 Q - a potion of berserk rage


   Skills:
 - Level 18.0 Fighting
 - Level 18.0 Axes
 - Level 10.0 Ranged Weapons
 * Level 18.7 Armour
 - Level 13.0 Dodging
 - Level 0.7 Stealth
 - Level 12.4 Invocations


You had 16 spell levels left.
You didn't know any spells.
Your spell library contained the following spells:

 Spells                   Type           Power      Damage    Failure   Level
 Blink                    Tloc           0%         N/A       100%        2
 Cigotuvi's Dreadful Rot  Necr/Pois/Air  0%         N/A       100%        2
 Poisonous Vapours        Pois/Air       0%         N/A       100%        2
 Wereblood                Tmut           0%         N/A       100%        2
 Dazzling Flash           Conj/Hex       0%         N/A       100%        3
 Ignite Poison            Fire/Tmut/Pois 0%         N/A       100%        3
 Mephitic Cloud           Conj/Pois/Air  0%         N/A       100%        3
 Ozocubu's Armour         Ice            0%         N/A       100%        3
 Volatile Blastmotes      Fire/Tloc      0%         2d10      100%        3
 Dispel Undead            Necr           0%         3d6       100%        4
 Manifold Assault         Tloc           0%         N/A       100%        4
 Sticky Flame             Conj/Fire      0%         2d3       100%        4
 Freezing Cloud           Conj/Ice/Air   0%         6-21      100%        5
 Irradiate                Conj/Tmut      0%         3d11      100%        5
 Death Channel            Necr           0%         N/A       100%        6
 Starburst                Conj/Fire      0%         6d3       100%        6
 Malign Gateway           Summ/Tloc      0%         N/A       100%        7
 Ozocubu's Refrigeration  Ice            0%         4d7       100%        7
 Ignition                 Fire           0%         3d3       100%        8
 Maxwell's Capacitive Co  Air            0%         ∞         100%        8
 Summon Horrible Things   Summ           0%         N/A       100%        8


Dungeon Overview and Level Annotations

Branches:
Dungeon (15/15)            Temple (1/1) D:4            Lair (5/5) D:10
 Shoals (0/4) Lair:3        Snake (4/4) Lair:3        Slime (0/5) Lair:4
    Orc (2/2) D:10            Elf (0/3) Orc:2        Vaults (0/5) D:13
 Depths (0/4) D:15

Altars:
Ashenzari
Cheibriados
Dithmenos
Elyvilon
Fedhas
Gozag
Hepliaklqana
Kikubaaqudgha
Makhleb
Nemelex Xobeh
Okawaru
Qazlal
Ru
Sif Muna
Trog
Uskayaw
Vehumet
Wu Jian
Xom
Yredelemnul
Zin
The Shining One

Shops:
D:11 ?[*(   D:15 :   Orc:2 ![!   Snake:4 [?[

Portals:
Pandemonium: Orc:2

Annotations:
D:13 1 transporter
D:14 3 runed translucent doors, Puc Soeni's ghost, journeyman DrCj
D:15 Roxanne
Lair:5 2 runed translucent doors
Snake:3 5 runed translucent doors
Snake:4 Vashnia
Orc:1 1 runed translucent door, t4s4d4r's ghost, journeyman DgEE
Orc:2 2 transporters, AceOff's ghost, journeyman MiFi


Innate Abilities, Weirdness & Mutations

Your life essence is reduced to manifest your ancestor. (-10% HP)
You have a pair of horns on your head.
You reflexively headbutt those who attack you in melee.


Message History

Unknown command.
Okay, then.
Unknown command.
Dunstan points at the salamander mystic and mumbles some strange words.
The salamander mystic appears confused.
Unknown command.
Unknown command.
Dunstan closely misses Vashnia.
Hepliaklqana grants Dunstan healing and protection!
Dunstan is healed somewhat.
Dunstan completely misses Vashnia.
Vashnia shoots an arrow.
The arrow hits Dunstan!!!
The arrow burns Dunstan!
Dunstan gestures at Vashnia while chanting.
Vashnia resists with almost no effort.
Unknown command.
Unknown command.
Unknown command.
Unknown command.
What are your orders? t - Shout!
Orders for allies: a - Attack new target. p - Attack previous target. r - Retreat! s - Stop attacking. g - Guard the area. f - Follow me.
Anything else - Cancel.
Gang up on whom?
Press: ? - help, Dir - move target, f/p - Vashnia
Aim: Vashnia, wielding a +5 longbow of flaming and wearing a +1 barding of fire resistance (almost dead, fast, not watching you, ally target) Attack!
Vashnia shoots an arrow.
The arrow hits Dunstan!!
The arrow burns Dunstan.
Dunstan is destroyed!
Unknown command.
Unknown command.
You are too injured to fight recklessly!
Unknown command.
Unknown command.
A guardian serpent comes into view.
The guardian serpent shouts!
Vashnia shouts!
Vashnia shoots an arrow.
The arrow hits you!!
You die...
Vashnia says, "All clear.
Let's check for more."

####....................
S..##...................
###...##............#.....
#.##...##..........##.....
#..##...##.##.....####....
#...##...###.....## ##...
#....##...##....## ##..
#..........##...## ##.
#..N...)N@..##...# #..
....##.##...##..## ##)# .
##...##...##.^#####...
##.....##...##...##†)..
##.......##...##.).)....
#..............##....###
###...............##..##
#.##........##.....##.#
#..##...N..##..##.).######


You could see Vashnia (fast), a salamander mystic (confused, very drained) and a
guardian serpent.

Vanquished Creatures
  Bai Suzhen (Snake:4)
  Jorgrun (D:12)
  Asterion (Snake:4)
  Rupert (Lair:5)
  Agnes (D:14)
  2 nagarajas (Snake:4)
  An orc warlord (Orc:2)
  Nessos (D:12)
  Erolcha (D:11)
  4 hydras
  6 anacondas
  2 demonspawn (Orc:2)
  An ogre mage (D:15)
  4 salamander tyrants
  An alligator (shapeshifter) (D:13)
  Harold (D:11)
  6 two-headed ogres
  2 boulder beetles
  16 naga warriors
  2 centaur warriors (D:15)
  A deep troll earth mage (D:15)
  5 shock serpents
  15 naga sharpshooters
  An orc high priest (Orc:2)
  Sonja (Orc:1)
  A skyshark (Lair:5)
  7 salamander mystics
  4 naga ritualists
  A deep elf archer (D:15)
  2 deep elf pyromancers (D:15)
  A lindwurm (shapeshifter) (D:14)
  3 oklob plants (Lair:5)
  4 orc knights (Orc:2)
  5 mana vipers
  6 ugly things
  9 orc sorcerers
  9 cyclopes
  7 elephants
  Maurice (Orc:2)
  A manticore (D:15)
  31 salamanders
  2 rust devils (Orc:2)
  4 kobold blastminers
  10 guardian serpents
  Joseph (D:8)
  A torpor snail (Lair:4)
  37 black mambas
  A gargoyle (D:10)
  22 naga magi
  14 cane toads
  14 komodo dragons
  2 rime drakes
  2 yaktaurs (D:15)
  A tengu conjurer (D:15)
  2 trolls
  A hellwing (Orc:2)
  2 hornets (D:8)
  2 polar bears
  3 dream sheep (Lair:4)
  16 blink frogs
  A jumping spider (shapeshifter) (D:13)
  A vampire (D:9)
  50 yaks
  4 shadows
  11 wyverns
  A golden eye (Lair:5)
  A ynoxinul (Orc:2)
  A wraith (D:11)
  4 basilisks
  A steam dragon (Lair:5)
  2 vampire mosquitoes (D:13)
  63 nagas
  2 wargs
  Edmund (D:4)
  4 hell hounds (Lair:5)
  18 water moccasins
  31 orc warriors
  2 black bears
  2 ice beasts
  A sky beast (D:8)
  2 ogres
  7 centaurs
  A kobold brigand (D:7)
  18 bullfrogs
  3 scorpions
  A gnoll sergeant (D:11)
  5 wights
  8 killer bees
  7 howler monkeys
  4 lava snakes (Lair:5)
  5 hounds
  8 jellies
  22 orc priests
  Ijyb (D:4)
  2 sleepcaps
  4 iguanas
  14 orc wizards
  3 hell rats (Lair:4)
  9 gnolls
  7 adders
  2 ufetubi (D:5)
  3 worms
  5 dart slugs
  76 orcs
  7 endoplasms
  A giant cockroach (D:3)
  11 goblins
  7 hobgoblins
  4 jackals
  2 quokkas (D:4)
  6 ball pythons
  9 bats
  3 frilled lizards
  5 kobolds
  A rat (D:2)
  A spectral weapon (Snake:4)
782 creatures vanquished.

Vanquished Creatures (collateral kills)
  A nagaraja (Snake:4)
  A demonspawn (Orc:2)
  2 naga warriors (Snake:2)
  A boulder beetle (D:13)
  An orc high priest (Orc:2)
  A shock serpent (Snake:1)
  2 naga sharpshooters (Snake:4)
  A skyshark (Lair:5)
  A lindwurm (Lair:5)
  An ugly thing (D:12)
  3 orc sorcerers
  A manticore (D:12)
  2 salamanders (Snake:4)
  A cyclops (D:12)
  2 molten gargoyles (Lair:5)
  A black mamba (Snake:2)
  4 naga magi
  A gargoyle (D:13)
  An unseen horror (D:10)
  Maggie (D:8)
  2 cane toads (Lair:1)
  A yaktaur (D:15)
  2 komodo dragons
  4 trolls
  A troll (shapeshifter) (D:13)
  8 blink frogs
  10 yaks
  4 basilisks
  Menkaure (D:6)
  2 vampire mosquitoes (D:13)
  A naga (Snake:4)
  3 water moccasins
  2 orc warriors
  An ice beast (D:7)
  A phantom (D:6)
  2 bullfrogs
  A wight (D:6)
  2 jellies
  A killer bee (D:9)
  A howler monkey (D:6)
  A lava snake (Lair:5)
  4 orc priests
  3 orc wizards
  A hell rat (Lair:4)
  8 orcs
  2 kobolds (D:7)
98 creatures vanquished.

Vanquished Creatures (others)
  An orc warrior (Orc:2)
  12 hexers
  9 ancestors
22 creatures vanquished.

Grand Total: 902 creatures vanquished

Notes
Turn   | Place    | Note
-------+----------+-------------------------------------------
     0 | D:1      | gruber the Minotaur Hunter began the quest for the Orb.
     0 | D:1      | Reached XP level 1. HP: 18/18 MP: 0/0
   217 | D:1      | Reached XP level 2. HP: 25/25 MP: 1/1
   239 | D:1      | Reached skill level 5 in Ranged Weapons
   337 | D:1      | Found a faded altar of an unknown god.
   680 | D:2      | Reached XP level 3. HP: 28/30 MP: 2/2
  1517 | D:3      | Found a radiant altar of Vehumet.
  1527 | D:3      | Found a glowing silver altar of Zin.
  1786 | D:3      | Reached XP level 4. HP: 32/37 MP: 3/3
  2014 | D:3      | Found a shimmering blue altar of Sif Muna.
  2281 | D:4      | Noticed Ijyb
  2290 | D:4      | Killed Ijyb
  2336 | D:4      | Reached XP level 5. HP: 36/42 MP: 4/4
  2409 | D:4      | Reached XP level 6. HP: 32/50 MP: 5/5
  2567 | D:4      | Noticed Edmund
  2586 | D:4      | Killed Edmund
  2767 | D:4      | Found an iron altar of Okawaru.
  2829 | D:4      | Found a staircase to the Ecumenical Temple.
  2839 | Temple   | Entered the Ecumenical Temple
  2850 | Temple   | Became a worshipper of Hepliaklqana the Forgotten
  2928 | D:5      | Entered Level 5 of the Dungeon
  2940 | D:5      | Reached XP level 7. HP: 36/56 MP: 6/6
  3272 | D:5      | Reached skill level 10 in Ranged Weapons
  3610 | D:5      | Reached skill level 5 in Dodging
  3672 | D:5      | Reached XP level 8. HP: 38/62 MP: 7/7
  3838 | D:5      | Found a shimmering altar of Xom.
  3864 | D:5      | Reached * piety under Hepliaklqana
  4203 | D:6      | Identified the +7 crystal plate armour "Vatwawixt" {rC+
                  | rN+}
  4363 | D:6      | Reached skill level 1 in Armour
  4562 | D:6      | Noticed Menkaure
  4567 | D:6      | Killed Menkaure
  4639 | D:6      | Found a white marble altar of Elyvilon.
  4661 | D:6      | Reached skill level 5 in Armour
  4697 | D:6      | Identified the +0 scale mail of Onaopral {rElec rN+ MP+9}
  4765 | D:6      | Reached XP level 9. HP: 40/61 MP: 8/8
  5751 | D:7      | Reached ** piety under Hepliaklqana
  5754 | D:7      | Reached skill level 1 in Axes
  6152 | D:8      | Found a sacrificial altar of Ru.
  6344 | D:8      | Reached skill level 5 in Axes
  6554 | D:8      | Noticed Joseph
  6575 | D:8      | Killed Joseph
  6720 | D:8      | Noticed Maggie
  6733 | D:8      | Killed Maggie
  6734 | D:8      | Reached XP level 10. HP: 66/66 MP: 9/9
  7033 | D:8      | Reached skill level 10 in Axes
  7171 | D:8      | Paralysed by a hornet for 1 turns
  7642 | D:9      | Reached skill level 5 in Fighting
  7652 | D:9      | Found a blossoming altar of Fedhas.
  7652 | D:9      | Found an opulent altar of Gozag.
  7652 | D:9      | Found an ornate altar of the Wu Jian Council.
  7851 | D:9      | You fall into a shaft and drop 3 floors!
  7884 | D:12     | Noticed a white ugly thing
  7884 | D:12     | Noticed a brown ugly thing
  8038 | D:12     | Noticed Jorgrun
  8058 | D:12     | Killed Jorgrun
  8059 | D:12     | Reached XP level 11. HP: 37/85 MP: 10/10
  8236 | D:11     | Noticed Harold
  8250 | D:11     | Killed Harold
  8297 | D:11     | Reached skill level 10 in Fighting
  8404 | D:11     | Found Sicuprei's Assorted Antiques.
  8429 | D:11     | Noticed Erolcha
  8437 | D:11     | Killed Erolcha
  8461 | D:11     | Reached skill level 10 in Armour
  8556 | D:11     | Bought a faintly glowing lead ring for 150 gold pieces
  8556 | D:11     | Identified the ring of Equilibrium {rPois rC+ MP+9 Int+2}
                  | (You bought it in a shop on level 11 of the Dungeon)
  8659 | D:10     | Entered Level 10 of the Dungeon
  8708 | D:9      | Reached *** piety under Hepliaklqana
  9216 | D:9      | Remembered your ancestor Dunstan as a hexer
  9229 | D:10     | Noticed a two-headed ogre
  9233 | D:10     | Killed a two-headed ogre
  9685 | D:10     | Found a staircase to the Orcish Mines.
  9824 | D:10     | Found a staircase to the Lair.
 10300 | D:11     | Reached **** piety under Hepliaklqana
 10304 | D:11     | Found Plog's Armour Emporium.
 10354 | D:11     | Found Raanab's Antique Weapon Shop.
 10651 | D:11     | Found Ogonyuch's Magic Scroll Emporium.
 10654 | D:11     | Bought a scroll of enchant weapon for 112 gold pieces
 10863 | D:12     | Noticed Nessos
 10873 | D:12     | Killed Nessos
 10874 | D:12     | Reached XP level 12. HP: 85/95 MP: 11/11
 10907 | D:12     | Noticed a boulder beetle
 10927 | D:12     | Killed a boulder beetle
 11900 | D:13     | Reached skill level 15 in Armour
 12022 | D:13     | Reached ***** piety under Hepliaklqana
 12103 | D:13     | Found a gate to the Vaults.
 12111 | D:13     | a shining eye changed into an alligator
 12111 | D:13     | Noticed an alligator (glowing shapeshifter)
 12113 | D:13     | Killed an alligator
 12299 | D:13     | Found a transporter.
 12303 | D:13     | Noticed a boulder beetle
 12326 | D:13     | Killed a boulder beetle
 12827 | D:13     | Identified the +5 quarterstaff of the Revolution {heavy,
                  | MP+9}
 13039 | Lair:1   | Entered Level 1 of the Lair of Beasts
 13050 | Lair:1   | Identified the ring "Jiwefyd" {Will+ Slay+4}
 13385 | Lair:1   | Reached XP level 13. HP: 101/101 MP: 12/12
 13916 | Lair:1   | Reached skill level 15 in Axes
 15426 | Lair:3   | Found a staircase to the Shoals.
 15456 | Lair:3   | Found a staircase to the Snake Pit.
 16068 | Lair:4   | Found a staircase to the Slime Pits.
 16716 | Lair:4   | Reached ****** piety under Hepliaklqana
 17279 | Lair:5   | Entered Level 5 of the Lair of Beasts
 17289 | Lair:5   | Identified the +5 war axe "Fekhuck" {flame, rPois Will+
                  | Str+4}
 17388 | Lair:5   | Reached XP level 14. HP: 108/111 MP: 13/13
 18077 | Lair:5   | Noticed Rupert
 18086 | Lair:5   | Killed Rupert
 18241 | Lair:5   | Found a large runed translucent door.
 18242 | Lair:5   | Found a large runed translucent door.
 19832 | D:14     | Noticed Agnes
 19844 | D:14     | Killed Agnes
 19845 | D:14     | Reached skill level 15 in Fighting
 19921 | D:14     | Found a runed translucent gate.
 19922 | D:14     | Noticed Puc Soeni's ghost (journeyman DrCj)
 19927 | D:14     | Found a runed translucent gate.
 19927 | D:14     | Found a runed translucent gate.
 19988 | D:14     | Identified the ring of the Genius {rF+ Will+ Stlth+}
 20819 | D:15     | Entered Level 15 of the Dungeon
 20828 | D:15     | Found an opulent altar of Gozag.
 21367 | D:15     | Noticed Roxanne
 21633 | D:15     | Found Sastex's Book Emporium.
 21673 | D:15     | Reached XP level 15. HP: 110/132 MP: 14/14
 21791 | D:15     | Found a staircase to the Depths.
 22029 | Orc:1    | Entered Level 1 of the Orcish Mines
 22122 | Orc:1    | Noticed Sonja
 22131 | Orc:1    | Killed Sonja
 22184 | Orc:1    | Found a runed translucent door.
 22204 | Orc:1    | Noticed t4s4d4r's ghost (journeyman DgEE)
 22418 | Orc:2    | Entered Level 2 of the Orcish Mines
 22615 | Orc:2    | Noticed AceOff's ghost (journeyman MiFi)
 22662 | Orc:2    | Found Ceisaf's Distillery.
 22663 | Orc:2    | Found Syxigak's Distillery.
 23416 | Orc:2    | Found Uxav's Jewellery Boutique.
 23416 | Orc:2    | Found Paihy's Antique Armour Shop.
 23417 | Orc:2    | Found a one-way gate leading to the halls of Pandemonium.
 23575 | Orc:2    | Found a transporter.
 23578 | Orc:2    | Found a staircase to the Elven Halls.
 23754 | Orc:2    | Noticed Maurice
 23761 | Orc:2    | Killed Maurice
 23960 | Orc:2    | Found a transporter.
 24142 | Snake:1  | Entered Level 1 of the Snake Pit
 24906 | Snake:1  | Reached skill level 10 in Dodging
 26005 | Snake:2  | Reached XP level 16. HP: 113/141 MP: 15/15
 26639 | Snake:2  | You fall into a shaft and drop 1 floor!
 27064 | Snake:3  | Reached skill level 1 in Invocations
 27196 | Snake:3  | Found a huge runed translucent gate.
 27196 | Snake:3  | Found a huge runed translucent gate.
 27197 | Snake:3  | Found a huge runed translucent gate.
 27197 | Snake:3  | Found a huge runed translucent gate.
 27197 | Snake:3  | Found a huge runed translucent gate.
 27644 | Snake:3  | Reached skill level 5 in Invocations
 28574 | Snake:2  | Identified the +1 robe "Zeufuap" {Harm rElec Regen+ Int+3}
 29252 | Snake:4  | Entered Level 4 of the Snake Pit
 29697 | Snake:4  | Noticed Bai Suzhen
 29706 | Snake:4  | Killed Bai Suzhen
 29707 | Snake:4  | Reached skill level 10 in Invocations
 30261 | Snake:4  | Reached XP level 17. HP: 143/146 MP: 24/24
 30393 | Snake:4  | Found Reupt's Antique Armour Boutique.
 30397 | Snake:4  | Found Nuidoel's Magic Scroll Shop.
 30403 | Snake:4  | Bought a scroll of blinking for 127 gold pieces
 30403 | Snake:4  | Bought a scroll of identify for 34 gold pieces
 30403 | Snake:4  | Bought a scroll of identify for 34 gold pieces
 30952 | Snake:4  | Found Susanowo's Dragon-Slaying Spoils.
 31495 | Snake:4  | Noticed Asterion
 31515 | Snake:4  | Killed Asterion
 32145 | Snake:4  | Got a serpentine rune of Zot
 32217 | Snake:4  | Noticed Vashnia
 32250 | Snake:4  | Shot with an arrow by Vashnia

Illustrated notes

Levels and vault maps discovered:
D:1:      lemuel_arrival_broad_hall, layout_basic, basic_ecumenical_altar,
          hangedman_decor_push, hangedman_decor_riveting
D:2:      kennysheep_the_goblin_king, layout_basic, serial_park_tiny_1,
          roderic_lattice_a, kennysheep_generic_room_9
D:3:      layout_loops_cross, mainiacjoe_overflow_catwalk_spiral,
          nicolae_sif_muna_condensation, serial_co_window_serial,
          co_window_corner_a, co_window_paths_b, co_window_paths_a,
          co_window_paths_a, co_window_paths_a, co_window_paths_c,
          co_window_corner_b, co_window_of_opportunity_b, co_window_2corner,
          co_window_corner_b, co_window_4corner_a, glass_columns_a,
          glass_columns_a, glass_columns_a
D:4:      layout_gridville, okawaru_gym_becter, temple_fountains, uniq_ijyb,
          uniq_edmund
D:5:      layout_rooms, mainiacjoe_overflow_chevrons,
          minmay_fractal_squares_diagonal_5
D:6:      layout_basic, elyvilon_altar_3, skrybe_limestone_x,
          grunt_ministairs_4, dk_rats_in_the_wall, uniq_menkaure
D:7:      layout_gridville
D:8:      minmay_polygon_palace, layout_basic, overflow_temple_1_default,
          uniq_maggie, uniq_joseph
D:9:      layout_small_grid, chequers_temple_overflow_statue_of_worship,
          minmay_misc_feat_tower
D:10:     layout_cave_pods, lair_entry_dummy, orc_0_dummy, minivault_24
D:11:     layout_loops_ring, serial_shops, nicolae_shop_window_shopping, shop,
          nicolae_shop_real_fake_doors, nicolae_shop_dealshenge, uniq_harold,
          uniq_erolcha
D:12:     layout_stronghold, nrook_guardian_serpent_ordinary, uniq_nessos,
          uniq_jorgrun
D:13:     layout_cave_pods, david_vaults_2, nicolae_diode_basic
D:14:     layout_loops_corners, biasface_ghost_orc_armoury, uniq_agnes
D:15:     hellmonk_depths_entry_around_the_bend, layout_irregular_city,
          nicolae_gozag_cash_rules_everything_around_me, serial_shops, shop,
          uniq_roxanne
Temple:   hellmonk_temple_forest_ring
Lair:1:   layout_cave_pods, nzn_random_ring
Lair:2:   layout_hall_layers
Lair:3:   layout_loops_ring, shoals_dummy_entry, nicolae_snake_entry_squirm
Lair:4:   layout_gridlike, nicolae_slime_entry_field_trip, serial_forest,
          infiniplex_forest_clump_small, infiniplex_forest_lined_room_2,
          infiniplex_forest_lined_3_way, infiniplex_forest_clump_C,
          infiniplex_forest_clump_double, infiniplex_forest_pool, wad_woods_03,
          lemuel_fruit_tree
Lair:5:   cheibrodos_lair_end_hotspot, layout_long_grid, disabler_island,
          uniq_rupert
Snake:1:  layout_layer_cave, nicolae_twisty_statue_hallways,
          serial_bayou_shore_b
Snake:2:  layout_misc_corridors, grunt_megastairs_4
Snake:3:  layout_chambers, grunt_ministairs_13, hangedman_venom_bottle
Snake:4:  johnstein_snake_rune_scales, layout_layer_cave, grunt_ministairs_6,
          nicolae_shop_dragon_depot, minmay_shoptagon, uniq_vashnia,
          uniq_asterion, uniq_bai_suzhen
Orc:1:    layout_caves, ebering_ghost_reflecting_pool, uniq_sonja
Orc:2:    pf_orc_diabolical, layout_diamond_mine, gammafunk_ghost_arena,
          uniq_maurice

Skill      XL: |  1  2  3  4  5  6  7  8  9 10 11 12 13 14 15 16 17 |
---------------+----------------------------------------------------+-----
Ranged Weapons | 5 6 7 8 9 10 | 10.0
Dodging        | 5 7 11 13 | 13.0
Armour         | 6 9 13 16 18 | 18.7
Axes           | 8 11 13 18 | 18.0
Fighting       | 8 10 11 17 18 | 18.0
Invocations    | 10 12 | 12.4
Stealth        | |  0.7

Action                     |  1- 3 |  4- 6 |  7- 9 | 10-12 | 13-15 | 16-18 || total
---------------------------+-------+-------+-------+-------+-------+-------++-------
  Melee: Broad axe         |       |       |    25 |   209 |   260 |       ||   494
         Headbutt          |       |       |     4 |    99 |   221 |   178 ||   502
         Punch             |       |       |     1 |     5 |     8 |    12 ||    26
         War axe           |       |       |       |   195 |   605 |   564 ||  1364
   Fire: Shortbow          |   133 |   128 |   382 |    33 |       |       ||   676
         Orcbow            |       |       |       |    46 |       |       ||    46
         Longbow           |       |       |       |       |    27 |       ||    27
 Invoke: Ancestor Life: He |       |       |       |     1 |       |       ||     1
         Transference      |       |       |       |       |       |     2 ||     2
         Idealise          |       |       |       |       |       |     1 ||     1
  Evoke: Wand              |       |     3 |       |     4 |       |       ||     7
    Use: Scroll            |       |       |       |    18 |     7 |     3 ||    28
         Potion            |       |       |       |       |       |     1 ||     1
   Stab: Distracted        |       |       |     1 |     6 |    19 |     2 ||    28
         Confused          |       |       |       |     9 |    12 |     9 ||    30
         Paralysed         |       |       |       |       |    32 |    31 ||    63
 Armour: Leather armour    |    36 |    33 |    62 |       |       |       ||   131
         Crystal plate arm |       |       |   274 |   532 |   734 |   423 ||  1963
  Dodge: Dodged            |    45 |    42 |   125 |   152 |   256 |   260 ||   880
         Repelled          |       |       |       |       |       |    14 ||    14

Table legend: (Time is in decaauts)
 A = Elapsed time spent in this place.
 B = Non-inter-level travel time spent in this place.
 C = Inter-level travel time spent in this place.
 D = Time resting spent in this place.
 E = Time spent auto-exploring this place.
 F = Levels seen in this place.
 G = Mean time per level.
                   A        B        C        D        E       F      G
               +--------+--------+--------+--------+--------+-----+--------+
         Total |  32122 |  30486 |   1636 |   2044 |  23358 |  27 | 1189.7 |
       Dungeon |  15651 |  14656 |    995 |    501 |  11673 |  15 | 1043.4 |
        Temple |     22 |      1 |     21 |      0 |      0 |   1 |   22.0 |
          Lair |   6635 |   6198 |    437 |     41 |   5181 |   5 | 1327.0 |
     Snake Pit |   7888 |   7764 |    124 |   1166 |   5371 |   4 | 1972.0 |
  Orcish Mines |   1924 |   1866 |     58 |    335 |   1133 |   2 |  962.0 |
               +--------+--------+--------+--------+--------+-----+--------+

Top non-repeatable levels by time:
 Snake:4: 2899 daAuts
  Lair:5: 2242 daAuts
 Snake:3: 1862 daAuts
 Snake:1: 1856 daAuts
    D:12: 1580 daAuts
     D:8: 1573 daAuts
     D:6: 1533 daAuts
   Orc:2: 1526 daAuts
  Lair:1: 1372 daAuts
 Snake:2: 1270 daAuts
  Lair:4: 1258 daAuts
    D:10: 1172 daAuts
    D:11: 1164 daAuts
    D:15: 1052 daAuts
    D:13: 1042 daAuts
